 Dungeon Crawl Stone Soup version 0.25-a0-310-g60f0ac2d9a (webtiles) character file.

Game seed: 9752281253546749178, levelgen mode: classic

41 Borgoz the Cudgeler (level 3, 0/22 HPs)
             Began as a Gargoyle Gladiator on Dec 23, 2019.
             Slain by a goblin
             ... wielding a +0 club
             ... led by Robin
              (2 damage)
             ... on level 2 of the Dungeon.
             The game lasted 00:00:59 (852 turns).

Borgoz the Cudgeler (Gargoyle Gladiator)             Turns: 852, Time: 00:01:00

Health: 0/22       AC:  7    Str: 17    XL:     3   Next: 52%
Magic:  3/3        EV: 12    Int:  8    God:
Gold:   79         SH:  0    Dex: 12    Spells: 2/2 levels left

rFire    . . .     SeeInvis .   a - +0 flail
rCold    . . .     Gourm    .   (no shield)
rNeg     + . .     Faith    .   b - +0 leather armour
rPois    ∞         Spirit   .   c - +0 helmet
rElec    +         Reflect  .   (no cloak)
rCorr    .         Harm     .   (no gloves)
MR       .....                  (no boots)
Stlth    +.........             (no amulet)
HPRegen  0.07/turn              (no ring)
MPRegen  0.08/turn              (no ring)

@: no status effects
A: negative energy resistance 1, electricity resistance, unbreathing,
petrification resistance, rot immunity, AC +3
a: no special abilities


You were on level 2 of the Dungeon.
You were not hungry.

You visited 1 branch of the dungeon, and saw 2 of its levels.

You collected 79 gold pieces.

Inventory:

Hand Weapons
 a - a +0 flail (weapon)
Missiles
 d - 5 throwing nets (quivered)
Armour
 b - a +0 leather armour (worn)
 c - a +0 helmet (worn)
Scrolls
 g - a scroll of amnesia {unknown}
 h - 2 scrolls of noise {unknown}
 i - 2 scrolls of identify {unknown}
Potions
 e - a potion of heal wounds
Comestibles
 f - 3 rations
 j - 2 chunks of flesh


   Skills:
 + Level 2.9 Fighting
 + Level 3.4 Maces & Flails
 - Level 1.7 Throwing
 + Level 1.3 Armour
 + Level 2.7 Dodging


You had 2 spell levels left.
You didn't know any spells.
Your spell library was empty.

Dungeon Overview and Level Annotations

Branches:
Dungeon (2/15)

Altars:
Trog

Annotations:
D:2 Robin


Innate Abilities, Weirdness & Mutations

You are resistant to torment.
Your stone body is resilient. (AC +3)
You are immune to poison.
You resist negative energy. (rN+)
You are resistant to electric shocks. (rElec)
You can survive without breathing.
You are immune to petrification.
You are immune to rotting.


Message History

The goblin unwields a +0 hunting sling.
The goblin wields a +0 club.
The goblin barely misses you.
You closely miss Robin. Robin hits you with a +0 spear. The hobgoblin hits you.
Robin says, "Bow before me, strongest of all the hobgoblins!"
The hobgoblin barely misses you. The goblin barely misses you.
You hit Robin.
Robin is lightly wounded.
The hobgoblin hits you but does no damage.
The goblin closely misses you.
You hit Robin.
Robin is moderately wounded.
The hobgoblin hits you but does no damage.
The goblin hits you with a +0 club.
* * * LOW HITPOINT WARNING * * *
You barely miss Robin.
Robin is moderately wounded.
Robin hits you but does no damage. The hobgoblin hits you.
* * * LOW HITPOINT WARNING * * *
The goblin hits you with a +0 club.
You die...

..##.(≈≈(##
#(##≈≈≈..##
#.(([([._##
..##≈≈≈..##
#.##..≈≈.##
#..##...##
#(#.##.###.
#gggg......
###@.......
###.####.
##


You could see Robin, a hobgoblin and 2 goblins.

Vanquished Creatures
  A dart slug (D:1)
  A leopard gecko (D:1)
  2 bats (D:1)
  2 giant cockroaches (D:1)
  6 goblins
  8 hobgoblins
  2 jackals (D:1)
  A ball python (D:1)
  2 frilled lizards (D:1)
  6 kobolds
  A rat (D:1)
32 creatures vanquished.

Notes
Turn   | Place    | Note
-------+----------+-------------------------------------------
     0 | D:1      | Borgoz the Gargoyle Gladiator began the quest for the Orb.
     0 | D:1      | Reached XP level 1. HP: 12/12 MP: 1/1
    51 | D:1      | Reached XP level 2. HP: 15/18 MP: 2/2
   351 | D:1      | Reached skill level 1 in Armour
   580 | D:1      | Reached XP level 3. HP: 22/22 MP: 3/3
   770 | D:2      | Found a bloodstained altar of Trog.
   813 | D:2      | Noticed Robin
   852 | D:2      | Slain by a goblin

Levels and vault maps discovered:
D:1:      scummos_arrival_checkerplants, layout_basic
D:2:      layout_basic, vehumet_crystals, trog_hazing_becter,
          uniq_crazy_yiuf_cottage, uniq_terence, uniq_sigmund, uniq_robin

Skill      XL: |  1  2 |
---------------+-------+-----
Armour         | 1 |  1.3
Fighting       | |  2.9
Maces & Flails | |  3.4
Throwing       | |  1.7
Dodging        | |  2.7

Action                   || total
-------------------------++-------
Melee: Flail             ||   114
  Use: Potion            ||     2
 Stab: Sleeping          ||     1
Armor: Leather armour    ||    80
Dodge: Dodged            ||   130

Table legend:
 A = Non-vault XP
 B = Vault XP
 C = Vault XP percentage of total XP
 D = Non-vault monster count
 E = Vault monster count
 F = Vault count percentage of total count
                 A         B        C        D         E       F
            +---------+---------+-------+---------+---------+-------
      Total |      38 |      21 |  35.6 |      21 |      11 |  34.4
            +---------+---------+-------+---------+---------+-------
        D:1 |      36 |       0 |   0.0 |      20 |       0 |   0.0
        D:2 |       2 |      21 |  91.3 |       1 |      11 |  91.7
            +---------+---------+-------+---------+---------+-------
